 Dungeon Crawl Stone Soup version 0.23-a0-417-gf02c810438 (webtiles) character file.

53 Vesh the Vexing (level 3, 0/16 HPs)
             Began as a Spriggan Enchanter on Nov 10, 2018.
             Succumbed to a goblin's poison
             ... on level 2 of the Dungeon.
             The game lasted 00:05:05 (2412 turns).

Vesh the Vexing (Spriggan Enchanter)                Turns: 2412, Time: 00:05:06

Health: 0/16       AC:  4    Str:  4    XL:     3   Next: 62%
Magic:  9/9        EV: 33    Int: 17    God:
Gold:   62         SH:  0    Dex: 16    Spells: 1/10 levels left

rFire    + . .     SeeInvis +   j - +4 dagger
rCold    + . .     Gourm    .   (shield restricted)
rNeg     . . .     Faith    .   b - +1 robe
rPois    +         Spirit   .   (helmet restricted)
rElec    +         Reflect  .   (no cloak)
rCorr    +         Harm     .   (gloves unavailable)
MR       .....                  (boots unavailable)
Stlth    +++.......             i - amulet of the acrobat
HPRegen  0.05/turn              (no ring)
MPRegen  0.11/turn              (no ring)

@: lethally poisoned (0 -> -4), resistant, very quick
A: very small, unfitting armour, hooves 1, see invisible, herbivore, speed 3,
shaggy fur 1, slow metabolism 2
a: no special abilities


You were on level 2 of the Dungeon.
You were not hungry.

You visited 1 branch of the dungeon, and saw 2 of its levels.

You collected 62 gold pieces.

Inventory:

Hand Weapons
 a - a +2 dagger
 j - a +4 dagger (weapon)
Missiles
 e - 38 arrows
 g - 19 bolts
Armour
 b - a +1 robe (worn)
Jewellery
 i - an amulet of the acrobat (around neck)
Scrolls
 h - 2 scrolls of remove curse
Potions
 c - a potion of resistance
Comestibles
 d - 4 rations


   Skills:
 - Level 1.1 Short Blades
 - Level 3.0 Dodging
 - Level 4.4 Stealth
 + Level 4.0 Spellcasting
 + Level 4.7 Hexes


You had one spell level left.
You knew the following spells:

 Your Spells              Type           Power        Failure   Level  Hunger
a - Ensorcelled Hibernat  Hex/Ice        ##....       9%          2    ##.....
b - Corona                Hex            ###....      2%          1    None
c - Confuse               Hex            ###.....     7%          3    ###....
d - Tukima's Dance        Hex            ###.....     7%          3    ###....

Your spell library contained the following spells:

 Spells                   Type           Power        Failure   Level  Hunger
 Dazzling Spray           Conj/Hex       ##....       19%         3    ###....


Dungeon Overview and Level Annotations

Branches:
Dungeon (2/15)

Altars:

Annotations:
D:2 Robin


Innate Abilities, Weirdness & Mutations

You are very small and have problems with some larger weapons.
You are too small for most types of armour.
You have supernaturally acute eyesight. (SInv)
You are a herbivore.
You cover ground extremely quickly.
You need to consume almost no food.
You have large cloven feet.
You are covered in fur. (AC +1)


Message History

You feel sick.
There is a lethal amount of poison in your body!
Unknown command.
Unknown command.
Unknown command.
You feel sick.
* * * LOW HITPOINT WARNING * * *
You feel sick.
* * * LOW HITPOINT WARNING * * *
You feel sick.
* * * LOW HITPOINT WARNING * * *
You feel sick.
* * * LOW HITPOINT WARNING * * *
You feel sick.
Okay, then.
Unknown command.
Unknown command.
Okay, then.
Unknown command.
You die...

##.####.....#....#..g....#
#.....
##.......####..###########
###### #######..####..#
#........#####
###.#####......# ##
#.....# #......# .#
#.....# #......# .#
#.....# ##.....# # #.....#
#..@..# #.....# ###.### g
####### #.# .# #.# ## #.#
#.# #.# #.#


There were no monsters in sight!

Vanquished Creatures
  An adder (D:2)
  4 dart slugs
  A leopard gecko (D:2)
  6 bats
  A giant cockroach (D:2)
  8 goblins
  3 hobgoblins
  3 ball pythons
  3 frilled lizards
  5 rats
35 creatures vanquished.

Notes
Turn   | Place    | Note
-------+----------+-------------------------------------------
     0 | D:1      | Vesh the Spriggan Enchanter began the quest for the Orb.
     0 | D:1      | Reached XP level 1. HP: 9/9 MP: 5/5
   410 | D:1      | Reached XP level 2. HP: 10/13 MP: 7/7
   414 | D:1      | Learned a level 2 spell: Ensorcelled Hibernation
  1658 | D:2      | Reached XP level 3. HP: 16/16 MP: 3/9
  1663 | D:2      | Learned a level 3 spell: Confuse
  1667 | D:2      | Learned a level 3 spell: Tukima's Dance
  1830 | D:2      | Noticed Robin
  2215 | D:2      | Gained mutation: You have large cloven feet. [potion of
                  | mutation]
  2215 | D:2      | Gained mutation: You are covered in fur. (AC +1) [potion of
                  | mutation]
  2412 | D:2      | Succumbed to a goblin's poison

Vault maps used:
D:1:      onia_arrival_handbag
D:2:      due_unseen_surprise, uniq_robin

Skill      XL: |  1  2  3 |
---------------+----------+-----
Spellcasting   | 3 4 |  4.0
Hexes          | 4 |  4.7
Short Blades   | |  1.1
Dodging        | |  3.0
Stealth        | |  4.4

Action                   || total
-------------------------++-------
Melee: Dagger            ||    82
 Cast: Corona            ||     5
       Ensorcelled Hiber ||    15
  Use: Scroll            ||     7
       Potion            ||     3
 Stab: Sleeping          ||    20
Armor: Robe              ||     7
Dodge: Dodged            ||    87

Table legend:
 A = Non-vault XP
 B = Vault XP
 C = Vault XP percentage of total XP
 D = Non-vault monster count
 E = Vault monster count
 F = Vault count percentage of total count
                 A         B        C        D         E       F
            +---------+---------+-------+---------+---------+-------
      Total |      61 |      15 |  19.7 |      25 |      10 |  28.6
            +---------+---------+-------+---------+---------+-------
        D:1 |      28 |       4 |  12.5 |      13 |       4 |  23.5
        D:2 |      33 |      11 |  25.0 |      12 |       6 |  33.3
            +---------+---------+-------+---------+---------+-------
